 Dungeon Crawl Stone Soup version 0.32-a0-900-g30fb1b0edc (webtiles) character file.

Game seed: 17918009231008857814

18463 spaghetti the Summoner (level 12, -7/114 HPs)
             Began as a Naga Chaos Knight on Apr 5, 2024.
             Was a Plaything of Xom.
             Mangled by a blink frog (14 damage)
             ... on level 1 of the Lair of Beasts.
             The game lasted 00:28:47 (13529 turns).

spaghetti the Summoner (Naga Chaos Knight)         Turns: 13529, Time: 00:28:48

Health: -7/114     AC: 12    Str: 15    XL:     12   Next: 58%
Magic:  3/29       EV: 13    Int: 13    God:    Xom [....*.]
Gold:   1663       SH:  0    Dex: 21    Spells: 0/25 levels left

rFire   . . .        j - +5 whip (elec)
rCold   . . .        (no shield)
rNeg    . . .        k - +2 robe {Will+}
rPois   +            e - +0 helmet
rElec   .            q - +0 cloak
rCorr   .            p - +2 pair of gloves
SInv    +            (no barding)
Will    ++...        m - amulet of regeneration
Stlth   ++           b - ring of magical power
HPRegen 1.19/turn    s - +6 ring of dexterity
MPRegen 0.21/turn

%: no passive effects
@: short of breath, hasted, quick
A: AC +4, large, see invisible, deformed body, poison resistance, slowness 2,
spit poison 2, naga tail 1, low MP 1, persistent drain
a: Breathe Poison Gas, Renounce Religion


You were on level 1 of the Lair of Beasts.
You worshipped Xom.
You were a beloved toy of Xom.
You visited 2 branches of the dungeon, and saw 13 of its levels.
You also visited: Bailey.

You collected 1663 gold pieces.

Inventory:

Hand Weapons
 a - a +4 quarterstaff of chaos
 j - a +5 whip of electrocution (weapon)
 G - a +6 broad axe
Missiles
 z - 13 boomerangs
Armour
 e - a +0 helmet (worn)
 k - a +2 robe of willpower (worn)
 p - a +2 pair of gloves (worn)
 q - a +0 cloak (worn)
Magical Staves
 H - the staff "Itisyhul" {rElec rC- Str+6 Necro Air}
   (You found it in a bailey)

   [staff of air]

   Base accuracy: +5 Base damage: 5 Base attack delay: 1.2 This weapon's minimum
   attack delay (0.6) is reached at skill level 12.
   Str+6:     It affects your strength (+6).
   rC-:       It makes you vulnerable to cold.
   rElec:     It insulates you from electricity.
   Necro:     It increases the power of your Necromancy spells.
   Air:       It increases the power of your Air spells.
   It falls into the 'Staves' category.
   It is a one-handed weapon.
Jewellery
 b - a ring of magical power (left hand)
 m - an amulet of regeneration (around neck)
 s - a +6 ring of dexterity (right hand)
 u - an amulet of magic regeneration
 I - a ring of ice
Wands
 i - a wand of flame (81)
 o - a wand of digging (6)
Scrolls
 d - 2 scrolls of revelation
 g - 2 scrolls of vulnerability
 t - a scroll of immolation
 y - a scroll of torment
 B - a scroll of fog
 J - 2 scrolls of identify
 K - 2 scrolls of enchant armour
Potions
 c - a potion of enlightenment
 f - 3 potions of curing
 h - 2 potions of attraction
 n - 5 potions of cancellation
 r - 3 potions of brilliance
 w - 3 potions of degeneration
 A - 2 potions of magic
 C - a potion of lignification
 F - a potion of haste


   Skills:
 - Level 9.0 Fighting
 - Level 1.5 Armour
 - Level 7.2 Dodging
 - Level 4.2 Unarmed Combat
 - Level 7.0 Spellcasting
 - Level 5.0 Hexes
 + Level 11.1 Summonings
 - Level 5.1 Earth Magic
 - Level 5.3 Evocations


You couldn't memorise any spells.
You knew the following spells:

 Your Spells              Type           Power      Damage    Failure   Level
a - Animate Armour        Summ/Erth      50%        N/A       5%          4
b - Summon Cactus Giant   Summ           16%        N/A       24%         6
c - Summon Mana Viper     Hex/Summ       25%        N/A       16%         5
d - Summon Ice Beast      Ice/Summ       19%        N/A       4%          3
e - Monstrous Menagerie   Summ           16%        N/A       80%         7

Your spell library contained the following spells:

 Spells                   Type           Power      Damage    Failure   Level
 Summon Small Mammal      Summ           100%       N/A       1%          1
 Apportation              Tloc           8%         N/A       16%         1
 Foxfire                  Conj/Fire      16%        2x1d4     16%         1
 Magic Dart               Conj           16%        1d3       16%         1
 Necrotise                Necr           16%        1d4       16%         1
 Sting                    Conj/Alch      16%        1d4       16%         1
 Dazzling Flash           Conj/Hex       22%        N/A       16%         3
 Stone Arrow              Conj/Erth      22%        3d8       16%         3
 Lesser Beckoning         Tloc           8%         N/A       22%         2
 Scorch                   Fire           8%         2d5       22%         2
 Searing Ray              Conj           8%         2d4       22%         2
 Maxwell's Portable Pile  Tloc           4%         2d(5-14)  41%         3
 Teleport Other           Tloc           4%         N/A       41%         3
 Leda's Liquefaction      Alch/Erth      5%         N/A       47%         4
 Petrify                  Alch/Erth      11%        N/A       47%         4
 Flame Wave               Conj/Fire      4%         2d5       83%         4
 Fulminant Prism          Conj/Alch      2%         3d5       83%         4
 Metabolic Englaciation   Hex/Ice        5%         N/A       83%         5
 Sculpt Simulacrum        Ice/Alch       2%         N/A       100%        6
 Lehudib's Crystal Spear  Conj/Erth      5%         10d3      100%        8


Dungeon Overview and Level Annotations

Branches:
Dungeon (12/15)            Temple (0/1) D:5            Lair (1/5) D:9
    Orc (0/2) D:10         Bailey (visited)

Altars:
Ashenzari
Fedhas
Gozag
Kikubaaqudgha
Nemelex Xobeh
Qazlal
Sif Muna
Trog
Uskayaw
Wu Jian
Xom
Yredelemnul
The Shining One

Shops:
D:3 (:

Annotations:
D:5 3 runed translucent doors, Pokonic1's ghost, novice MDEE
D:12 Azrael


Innate Abilities, Weirdness & Mutations

Your serpentine skin is tough. (AC +4)
You have supernaturally acute eyesight. (SInv)
Armour fits poorly on your strangely shaped body.
Your system is resistant to poisons. (rPois)
You cover ground very slowly.
You can exhale a cloud of poison.
You have a snake-like lower body.
Your magical capacity is low. (-10% MP)
Your health recovers twice as slowly from being drained.


Message History

The rime drake breathes ice at you. The icy flash freeze misses you.
Your ice beast misses the black mamba.
The black bear closely misses your ice beast.
The black bear claws your ice beast but does no damage.
The black bear barely misses your ice beast.
The cane toad closely misses you.
Unknown command.
Unknown command.
Unknown command.
The black mamba bites your ice beast!!
Your ice beast dies!
Your ice beast disappears in a puff of smoke!
Unknown command.
Unknown command.
Unknown command.
Unknown command.
Aiming: Breathe Poison Gas (2% risk of failure)
Press: ? - help, Shift-Dir - straight line, f - rime drake
Aim: a rime drake (moderately wounded, 55% to hit)
You exhale a blast of poison gas.
The poison gas engulfs the rime drake.
The rime drake is moderately wounded.
The rime drake is engulfed in poison gas.
The rime drake is poisoned.
The rime drake misses you.
The blink frog is engulfed in poison gas.
The blink frog is poisoned.
The blink frog barely misses you.
Unknown command.
Unknown command.
Unknown command.
You closely miss the black mamba.
The black mamba is moderately wounded.
The black mamba closely misses you.
The black bear is engulfed in poison gas.
The black bear is poisoned.
The rime drake is engulfed in poison gas.
The rime drake looks even sicker.
The rime drake bites you but does no damage.
The blink frog is engulfed in poison gas.
The blink frog looks even sicker.
The blink frog hits you!
You die...
Xom chuckles heartily!

### ############...
.###....#h.........
#......§☼S@.........
#.......§kFF.........
.....##)§☼○...........
.... #................
.. ##................
##................
###...............
#.............[.
##............#


You could see a black mamba, a cane toad, a blink frog (very poisoned), a rime
drake (very poisoned) and a black bear (poisoned).

Vanquished Creatures
  An orc warlord (Bailey)
  2 two-headed ogres
  A centaur warrior (D:9)
  A boulder beetle (D:11)
  An orc knight (Bailey)
  9 nameless horrors
  A cyclops (D:7)
  Joseph (D:7)
  Maggie (D:9)
  2 komodo dragons
  A troll (D:9)
  Prince Ribbit (D:7)
  2 blink frogs (Lair:1)
  A hornet (D:9)
  3 shadows
  5 yaks
  A vampire (D:9)
  A wyvern (D:8)
  2 wargs (D:10)
  3 vampire mosquitoes (D:11)
  3 steam dragons
  Menkaure (D:4)
  2 acid dragons
  2 water moccasins
  A hell hound (D:12)
  9 orc warriors
  A black bear (D:6)
  2 ogres
  2 phantoms
  2 centaurs
  Blork the orc (D:4)
  9 bullfrogs
  4 kobold brigands
  5 scorpions
  10 wights
  9 killer bees
  A vampire bat (D:9)
  A jelly (D:4)
  Crazy Yiuf (D:4)
  10 orc priests
  A sleepcap (D:5)
  Natasha (thrice) (D:3)
  5 iguanas
  10 orc wizards
  Robin (D:2)
  16 gnolls
  11 adders
  3 shadow imps
  2 ufetubi (D:7)
  5 dart slugs
  47 orcs
  4 bat skeletons (D:9)
  A bat zombie (D:9)
  4 endoplasms
  3 giant cockroaches
  15 hobgoblins
  5 jackals
  5 quokkas
  7 ball pythons
  8 bats
  3 frilled lizards
  19 goblins
  30 kobolds
  3 rats (D:1)
327 creatures vanquished.

Vanquished Creatures (collateral kills)
  A cane toad (Lair:1)
  2 gargoyles
  2 nameless horrors (D:10)
  A komodo dragon (Lair:1)
  Grinder (D:3)
  A blink frog (Lair:1)
  A slime creature (D:12)
  A vampire (D:10)
  2 fire elementals (D:12)
  7 yaks
  3 water moccasins
  An orc warrior (D:10)
  4 centaurs (D:11)
  A lemure (D:4)
  A kobold brigand (D:10)
  A scorpion (D:9)
  2 bullfrogs (D:9)
  A gnoll sergeant (D:10)
  2 wights (D:10)
  6 killer bees
  An orc priest (D:10)
  A gnoll (D:10)
  3 orcs
  A bat (D:2)
  2 goblins (Bailey)
  5 kobolds (D:10)
54 creatures vanquished.

Vanquished Creatures (others)
  A lemure (D:4)
  A wight (D:9)
  A killer bee (D:9)
  A gnoll (D:3)
  2 goblins (D:3)
6 creatures vanquished.

Grand Total: 387 creatures vanquished

Notes
Turn   | Place    | Note
-------+----------+-------------------------------------------
     0 | D:1      | spaghetti the Naga Chaos Knight began the quest for the
                  | Orb.
     0 | D:1      | Reached XP level 1. HP: 21/21 MP: 1/1
   109 | D:1      | Reached XP level 2. HP: 28/28 MP: 2/2
   297 | D:1      | XOM: silly message
   303 | D:1      | Reached skill level 1 in Dodging
   332 | D:1      | Reached XP level 3. HP: 31/34 MP: 3/3
   404 | D:1      | XOM: divination: magic mapping
   409 | D:1      | XOM: silly message
   418 | D:1      | XOM: silly message
   527 | D:1      | XOM: smoke on damage
   618 | D:1      | XOM is BORED!
   834 | D:2      | XOM: cast spell 'Summon Small Mammal'
   842 | D:2      | Reached XP level 4. HP: 38/42 MP: 4/4
   988 | D:2      | XOM: cast spell 'Animate Armour'
  1467 | D:3      | Reached XP level 5. HP: 35/49 MP: 5/5
  1518 | D:3      | XOM: divine lightning
  1522 | D:3      | Noticed Robin
  1632 | D:2      | XOM: give mutation
  1632 | D:2      | Gained mutation: You are robust. (+10% HP) [Xom's grace]
  1999 | D:2      | Killed Robin
  2196 | D:3      | Noticed Natasha
  2200 | D:3      | Reached XP level 6. HP: 61/62 MP: 6/6
  2203 | D:3      | Killed Natasha
  2213 | D:3      | Found a bloodstained altar of Trog.
  2312 | D:3      | Found Qerchaw's Vocational Training.
  2326 | D:3      | Noticed Natasha
  2330 | D:3      | XOM: god gift: 9 stones
  2335 | D:3      | Killed Natasha
  2342 | D:3      | Noticed Natasha
  2350 | D:3      | Killed Natasha
  2522 | D:3      | Noticed Grinder
  2526 | D:3      | XOM: summons friendly quasit
  2546 | D:3      | Paralysed by Grinder for 5 turns
  2550 | D:3      | Killed Grinder
  2551 | D:3      | Reached skill level 5 in Fighting
  2551 | D:3      | Reached XP level 7. HP: 52/73 MP: 7/7
  2873 | D:3      | Learned a level 4 spell: Animate Armour
  2882 | D:3      | Found Buguckiq's Weapon Emporium.
  3093 | D:4      | Noticed Blork the orc
  3102 | D:4      | Killed Blork the orc
  3171 | D:4      | XOM: scenery: create altars
  3230 | D:4      | XOM: god gift: thick glowing staff {god gift}
  3324 | D:4      | Noticed Pikel
  3327 | D:4      | XOM: summons 7 friendly demons
  3328 | D:4      | Reached skill level 1 in Spellcasting
  3328 | D:4      | Reached skill level 1 in Summonings
  3328 | D:4      | Reached skill level 1 in Earth Magic
  3355 | D:4      | XOM: divine lightning
  3356 | D:4      | Pikel changed into Pikel the jelly
  3356 | D:4      | Noticed Pikel
  3356 | D:4      | XOM: polymorph Pikel -> Pikel the jelly
  3359 | D:4      | Killed Pikel the jelly
  3371 | D:4      | Noticed Menkaure
  3371 | D:4      | XOM: 7-stop teleportation journey
  3425 | D:4      | XOM: cast spell 'Discord'
  3431 | D:4      | Reached XP level 8. HP: 57/83 MP: 10/10
  3437 | D:4      | XOM: stat loss: -1 Dex (12/13)
  3500 | D:4      | XOM: 4-stop teleportation journey
  3682 | D:4      | Learned a level 6 spell: Summon Cactus Giant
  3727 | D:4      | Found a runed translucent door.
  3728 | D:4      | Noticed Crazy Yiuf
  3816 | D:4      | Killed Menkaure
  3817 | D:4      | Reached skill level 2 in Summonings
  4138 | D:4      | XOM: give mutations
  4138 | D:4      | Lost mutation: You are robust. (+10% HP) [Xom's mischief]
  4138 | D:4      | Gained mutation: Your tail ends in a venomous barb. [Xom's
                  | mischief]
  4138 | D:4      | Gained mutation: Your tail ends in a sharp venomous barb.
                  | [Xom's mischief]
  4138 | D:4      | Gained mutation: You have hidden genetic potential. [Xom's
                  | mischief]
  4344 | D:4      | XOM: silly message
  4405 | D:4      | Killed Crazy Yiuf
  4476 | D:5      | Entered Level 5 of the Dungeon
  4606 | D:5      | Noticed a two-headed ogre
  4622 | D:5      | Killed a two-headed ogre
  4623 | D:5      | Reached skill level 5 in Dodging
  4623 | D:5      | Reached skill level 3 in Summonings
  4623 | D:5      | Reached XP level 9. HP: 29/85 MP: 14/14
  4787 | D:5      | Found a broken altar of Ashenzari.
  4844 | D:5      | Gained mutation: You expend magic power (3 MP) to
                  | strengthen your wands. [hidden potential]
  4889 | D:5      | Noticed Pokonic1's ghost (novice MDEE)
  4892 | D:5      | Found a runed translucent gate.
  4892 | D:5      | Found a runed translucent gate.
  4892 | D:5      | Found a runed translucent gate.
  5004 | D:5      | Found a staircase to the Ecumenical Temple.
  5110 | D:5      | Reached skill level 4 in Summonings
  5173 | D:5      | XOM: noise
  5632 | D:6      | Found a blossoming altar of Fedhas.
  5651 | D:6      | Reached skill level 1 in Evocations
  5854 | D:6      | Found a sparkling altar of Nemelex Xobeh.
  5932 | D:6      | XOM: give mutation
  5932 | D:6      | Gained mutation: You possess an exceptional clarity of
                  | mind. [Xom's grace]
  6331 | D:7      | Noticed a cyclops
  6335 | D:7      | Killed a cyclops
  6338 | D:7      | Noticed Joseph
  6372 | D:7      | Killed Joseph
  6373 | D:7      | Reached XP level 10. HP: 89/94 MP: 11/16
  6555 | D:7      | Noticed Prince Ribbit
  6562 | D:7      | Reached skill level 5 in Summonings
  6562 | D:7      | Reached skill level 5 in Earth Magic
  6569 | D:7      | Killed Prince Ribbit
  6580 | D:7      | Gained mutation: You can exhale a cloud of poison. [hidden
                  | potential]
  6580 | D:7      | Lost mutation: You have hidden genetic potential. [hidden
                  | potential expressed]
  6809 | D:7      | XOM: 4-stop teleportation journey
  6836 | D:7      | XOM: summons 1 hostile demon
  6872 | D:7      | Found a hide-covered altar of Uskayaw.
  7168 | D:8      | XOM: noise
  7170 | D:8      | XOM: enchant monster (bad)
  7214 | D:8      | XOM: enchant monster (good)
  7273 | D:8      | XOM: noise
  7298 | D:8      | Reached skill level 5 in Spellcasting
  7438 | D:8      | XOM: divination: detect creatures
  7538 | D:8      | XOM: silly message
  7573 | D:8      | XOM: silly message
  7574 | D:8      | Found a stormy altar of Qazlal.
  7726 | D:8      | XOM is BORED!
  7883 | D:8      | XOM: silly message
  7974 | D:9      | Paralysed by a hornet for 3 turns
  7976 | D:9      | XOM: cast spell 'Olgreb's Toxic Radiance'
  7983 | D:9      | Noticed a gargoyle
  8171 | D:9      | XOM: summons 2 friendly demons
  8176 | D:9      | Killed a gargoyle
  8177 | D:9      | Reached skill level 6 in Summonings
  8266 | D:9      | Reached XP level 11. HP: 101/104 MP: 19/19
  8344 | D:9      | Noticed a centaur warrior
  8348 | D:9      | XOM: cast spell 'Animate Armour'
  8350 | D:9      | Killed a centaur warrior
  8418 | D:9      | Found a staircase to the Lair.
  8427 | D:9      | Noticed Maggie
  8436 | D:9      | Killed Maggie
  8448 | D:9      | Reached skill level 5 in Evocations
  8669 | D:9      | Noticed a two-headed ogre
  8814 | D:9      | Killed a two-headed ogre
  8954 | D:9      | Found an ancient bone altar of Kikubaaqudgha.
  9002 | D:10     | Entered Level 10 of the Dungeon
  9155 | D:10     | XOM: divination: magic mapping
  9179 | D:10     | Found a flagged portal.
  9202 | D:10     | XOM: silly message
  9205 | Bailey   | Entered a bailey
  9210 | Bailey   | Noticed an orc warlord
  9254 | Bailey   | Noticed an orc knight
  9266 | Bailey   | XOM: divination: detect items
  9271 | Bailey   | Killed an orc knight
  9272 | Bailey   | Reached skill level 7 in Summonings
  9307 | Bailey   | Found a runed translucent gate.
  9308 | Bailey   | Found a runed translucent gate.
  9310 | Bailey   | Found a runed translucent gate.
  9455 | Bailey   | Noticed a nameless horror
  9465 | Bailey   | Killed a nameless horror
  9597 | Bailey   | Noticed a nameless horror
  9613 | Bailey   | Killed a nameless horror
  9749 | Bailey   | Noticed a nameless horror
  9752 | Bailey   | XOM: potion effect (invisibility)
  9756 | Bailey   | XOM: potion effect (magic)
  9759 | Bailey   | XOM: smoke on damage
  9764 | Bailey   | Killed a nameless horror
  9820 | Bailey   | Killed an orc warlord
  9821 | Bailey   | Reached skill level 8 in Summonings
  9839 | Bailey   | Acquired 923 gold pieces
  9849 | Bailey   | Identified the staff "Itisyhul" {rElec rC- Str+6 Necro Air}
  9853 | Bailey   | XOM: silly message
 10050 | D:10     | Found an ornate altar of the Wu Jian Council.
 10078 | D:10     | Found a staircase to the Orcish Mines.
 10241 | D:10     | Noticed a nameless horror
 10242 | D:10     | Noticed a nameless horror
 10270 | D:11     | Reached skill level 9 in Summonings
 10643 | D:11     | Learned a level 5 spell: Summon Mana Viper
 10653 | D:11     | Learned a level 7 spell: Monstrous Menagerie
 10695 | D:11     | Noticed a boulder beetle
 10701 | D:11     | Killed a boulder beetle
 10702 | D:11     | Reached skill level 1 in Hexes
 10868 | D:11     | Noticed a nameless horror
 11001 | D:11     | XOM: give mutations
 11001 | D:11     | Gained mutation: You have sharp fingernails. [Xom's
                  | mischief]
 11001 | D:11     | Gained mutation: You occasionally shout uncontrollably at
                  | your foes. [Xom's mischief]
 11001 | D:11     | Lost mutation: Your tail ends in a sharp venomous barb.
                  | [Xom's mischief]
 11001 | D:11     | Gained mutation: You frequently scream uncontrollably at
                  | your foes. [Xom's mischief]
 11004 | D:12     | Noticed a nameless horror
 11077 | D:11     | Noticed a nameless horror
 11087 | D:10     | XOM: repel stairs
 11094 | D:10     | Killed a nameless horror
 11172 | D:10     | XOM: stat loss: -1 Int (12/13)
 11300 | D:10     | Found an opulent altar of Gozag.
 11301 | D:10     | Found a basalt altar of Yredelemnul.
 11354 | D:10     | Reached XP level 12. HP: 51/114 MP: 11/21
 11360 | D:10     | XOM: silly message
 11367 | D:10     | XOM: chaos upgrade
 11376 | D:10     | XOM: chaos upgrade
 11497 | D:10     | XOM: give mutation
 11497 | D:10     | Lost mutation: You can exhale a cloud of poison. [Xom's
                  | mischief]
 11547 | D:10     | XOM: torment (58/114 hp)
 11681 | D:10     | Found a shimmering altar of Xom.
 11707 | D:10     | XOM: stat loss: -1 Str (14/15)
 11710 | D:10     | Found a glowing golden altar of the Shining One.
 11933 | D:10     | XOM: god gift: 31 gold pieces
 12091 | D:10     | Found a shimmering blue altar of Sif Muna.
 12236 | D:11     | XOM: scenery: 2 doors open
 12249 | D:11     | Reached skill level 10 in Summonings
 12390 | D:11     | XOM: god gift: 5 stones
 12601 | D:11     | XOM: god gift: Xom's Spellbook of Good Intentions {god
                  | gift}
 12602 | D:11     | Got Xom's Spellbook of Good Intentions {god gift}
 12657 | D:11     | Noticed a nameless horror
 12670 | D:11     | XOM: summons 4 hostile shadow creatures
 12851 | D:12     | Noticed Azrael
 12880 | D:12     | XOM: summons friendly quasit
 13303 | D:10     | Learned a level 3 spell: Summon Ice Beast
 13361 | Lair:1   | Entered Level 1 of the Lair of Beasts
 13457 | Lair:1   | Reached skill level 5 in Hexes
 13461 | Lair:1   | Lost mutation: You possess an exceptional clarity of mind.
                  | [potion of mutation]
 13461 | Lair:1   | Lost mutation: You frequently scream uncontrollably at your
                  | foes. [potion of mutation]
 13461 | Lair:1   | Lost mutation: You occasionally shout uncontrollably at
                  | your foes. [potion of mutation]
 13461 | Lair:1   | Lost mutation: You expend magic power (3 MP) to strengthen
                  | your wands. [potion of mutation]
 13461 | Lair:1   | Gained mutation: You possess an exceptional clarity of
                  | mind. [potion of mutation]
 13462 | Lair:1   | Lost mutation: Your tail ends in a venomous barb. [potion
                  | of mutation]
 13462 | Lair:1   | Lost mutation: You have sharp fingernails. [potion of
                  | mutation]
 13462 | Lair:1   | Lost mutation: You possess an exceptional clarity of mind.
                  | [potion of mutation]
 13462 | Lair:1   | Gained mutation: Your magical capacity is low. (-10% MP)
                  | [potion of mutation]
 13462 | Lair:1   | Gained mutation: You are somewhat resistant to further
                  | mutation. [potion of mutation]
 13463 | Lair:1   | Lost mutation: Your magical capacity is low. (-10% MP)
                  | [potion of mutation]
 13463 | Lair:1   | Lost mutation: You are somewhat resistant to further
                  | mutation. [potion of mutation]
 13463 | Lair:1   | Gained mutation: Your magical capacity is low. (-10% MP)
                  | [potion of mutation]
 13463 | Lair:1   | Gained mutation: You can exhale a cloud of poison. [potion
                  | of mutation]
 13463 | Lair:1   | Gained mutation: Your health recovers twice as slowly from
                  | being drained. [potion of mutation]
 13493 | Lair:1   | Reached skill level 11 in Summonings
 13523 | Lair:1   | HP: 2/114 [cane toad (16)]
 13529 | Lair:1   | Mangled by a blink frog

Illustrated notes

Levels and vault maps discovered:
D:1:      dpeg_arrival_morbid_curiosity, layout_basic, serial_park_tiny_pond
D:2:      layout_basic
D:3:      layout_rooms, bloody_trog, serial_shops, shop_fountains,
          hangedman_abyss_or_decor_lesser_grid, chequers_serial_rivers_small_3,
          nicolae_shop_vocational, uniq_natasha, uniq_robin, uniq_grinder
D:4:      layout_loops_corners, serial_bayou_lagoon_b, uniq_pikel,
          uniq_blork_the_orc, uniq_crazy_yiuf_cottage, uniq_menkaure
D:5:      layout_basic, lemuel_tele_altar, minmay_temple_entry_antechambers,
          ebering_ghost_rock_garden, minmay_circle_x
D:6:      layout_loops_ring, fedhas_bush_and_centaur_altar, marbit_many_paths
D:7:      layout_loops_ring, nicolae_uskayaw_suspiria,
          serial_library_hellmonk_big_corner, uniq_prince_ribbit1, uniq_joseph
D:8:      layout_gridville, nicolae_qazlal_style_of_elements
D:9:      layout_big_octagon, kennysheep_vampire_church,
          due_lair_maze_entry_diamond, grunt_ministairs_15, minmay_puff,
          uniq_maggie
D:10:     layout_long_grid, tso_metal_star, xom_redecorated,
          general_overflow_altar, gammafunk_temple_overflow_pools,
          lemuel_crystal_altar, david_orc_1_choice, enter_bailey_6
D:11:     layout_loops_corners
D:12:     layout_irregular_city, uniq_azrael, uniq_frances, uniq_sonja
Lair:1:   layout_cave_pods, maelrawn_ghost_gauntlet_escape, grunt_megastairs_1,
          lemuel_fruit_tree

Skill      XL: |  1  2  3  4  5  6  7  8  9 10 11 12 |
---------------+-------------------------------------+-----
Dodging        | 1 2 3 4 5 6 7 |  7.2
Unarmed Combat | 4 |  4.2
Fighting       | 4 5 6 7 8 9 |  9.0
Spellcasting   | 1 3 4 5 6 7 |  7.0
Summonings     | 1 3 4 6 9 11 | 11.1
Earth Magic    | 1 3 4 5 |  5.1
Evocations     | 2 4 5 |  5.3
Hexes          | 2 5 |  5.0
Armour         | |  1.5

Action                     |  1- 3 |  4- 6 |  7- 9 | 10-12 || total
---------------------------+-------+-------+-------+-------++-------
  Melee: Unarmed           |    84 |       |       |       ||    84
         Punch             |     4 |       |       |       ||     4
         Whip              |       |   143 |   244 |   509 ||   896
   Cast: Animate Armour    |       |       |       |    31 ||    31
         Summon Mana Viper |       |       |       |    18 ||    18
         Summon Cactus Gia |       |       |       |    10 ||    10
         Summon Ice Beast  |       |       |       |     4 ||     4
Ability: Spit Poison       |    22 |    23 |    41 |     1 ||    87
         Breathe Poison Ga |       |       |       |    56 ||    56
  Evoke: Wand              |       |       |     5 |    21 ||    26
    Use: Scroll            |     5 |     6 |     6 |    19 ||    36
         Potion            |       |     5 |     2 |    11 ||    18
   Stab: Distracted        |       |       |     1 |     2 ||     3
 Armour: Leather armour    |    60 |   197 |    31 |       ||   288
         Robe              |       |       |   169 |   612 ||   781
         Skin              |       |       |     1 |       ||     1
  Dodge: Dodged            |    39 |   106 |   143 |   559 ||   847

Table legend: (Time is in decaauts)
 A = Elapsed time spent in this place.
 B = Non-inter-level travel time spent in this place.
 C = Inter-level travel time spent in this place.
 D = Time resting spent in this place.
 E = Time spent auto-exploring this place.
 F = Levels seen in this place.
 G = Mean time per level.
                   A        B        C        D        E       F      G
               +--------+--------+--------+--------+--------+-----+--------+
         Total |  16639 |  15986 |    653 |   1856 |  11143 |  14 | 1188.5 |
       Dungeon |  15557 |  14905 |    652 |   1550 |  10782 |  12 | 1296.4 |
          Lair |    183 |    183 |      0 |      1 |     74 |   1 |  183.0 |
        Bailey |    898 |    898 |      0 |    305 |    287 |   1 |  898.0 |
               +--------+--------+--------+--------+--------+-----+--------+

Top non-repeatable levels by time:
    D:10: 2119 daAuts
     D:4: 1834 daAuts
    D:11: 1830 daAuts
     D:2: 1610 daAuts
     D:5: 1508 daAuts
     D:8: 1196 daAuts
     D:9: 1194 daAuts
     D:3: 1058 daAuts
     D:6: 1011 daAuts
     D:7: 993 daAuts
     D:1: 911 daAuts
  Bailey: 898 daAuts
    D:12: 288 daAuts
  Lair:1: 183 daAuts
